[Event "*** MasterClass Titled Tuesday Blitz"]
[Site "Chess.com"]
[Date "2017.07.04"]
[Round "6"]
[White "1lec"]
[Black "latigre"]
[Result "1-0"]
[WhiteElo "2091"]
[BlackElo "1761"]
[TimeControl "180+2"]
[EndTime "14:22:41 PDT"]
[Termination "1lec won by resignation"]

1. d4 Nf6 2. Nf3 e6 3. Bf4 d5 4.
e3 Bd6 5. Bxd6 cxd6 6. c3 O-O 7. Nbd2 Nc6 8. Be2 e5 9. O-O e4 10. Ne1 Ne8 11. b4 f5 12. f4 g5 13. a4 gxf4 14.
Rxf4 Qg5 15. Nc2 Ng7 16. Qe1 Rf6 17. Qh4 Rg6 18. Qxg5 Rxg5 19. a5 Be6 20. b5 Ne7 21. Nb4 Rc8 22. Rc1 Ng6 23. Rff1 h5 24. c4 dxc4 25.
Nxc4 d5 26. Nd6 Rxc1 27. Rxc1 f4 28. Kf1 fxe3 29. Nxb7 Nf5 30. Nd8 Bd7 31. b6 axb6 32. a6 Nxd4 33. a7 Nxe2 34. Kxe2 Nf4+ 35. Kxe3 Nxg2+ 36. Kd4 Nf4 37. a8=Q Ne2+ 38. Ke3 Nxc1 39. Ne6+ Kf7 40.
Nxg5+ Kf6 41. Qxd5 Bf5 42. Nxe4+ Kg6 43. Qc6+ Kh7 44. Qxc1 1-0

[Event "*** MasterClass Titled Tuesday Blitz"]
[Site "Chess.com"]
[Date "2017.07.04"]
[Round "6"]
[White "stalyansky"]
[Black "Wolverine_master"]
[Result "1-0"]
[WhiteElo "2243"]
[BlackElo "1969"]
[TimeControl "180+2"]
[EndTime "14:22:45 PDT"]
[Termination "stalyansky won by checkmate"]

1. e4 e5 2. Nf3 Nc6 3. Bb5 a6 4. Ba4 Nf6 5. O-O b5 6. Bb3 Nxe4 7. d4 d5 8. dxe5 Be6 9. c3 Bc5 10. Nbd2 O-O 11. Bc2 Nxf2 12. Rxf2 f6 13. Nb3 Bxf2+ 14. Kxf2 fxe5 15. Kg1 Bg4 16. h3 Bxf3 17. gxf3 d4 18. Be4 Qd6 19. Bg5 Rae8 20. Qc2 h6 21. Bh4 Ne7 22. Rd1 Nd5 23. Bf2 c5 24. cxd4 cxd4 25. Nxd4 Nf4 26. Nf5 Qg6+ 27. Ng3 Qf6 28. Qb3+ Kh8 29.
Rd7 Nxh3+ 30. Kg2 Nf4+ 31. Kf1 Rd8 32. Qd1 Rxd7 33. Qxd7 Rd8 34. Qc7 Rd1+ 35. Be1 Qd6 36. Qc8+ Qd8 37. Qf5 g6 38. Qxe5+ Kh7 39. Qxf4 Rxe1+ 40. Kxe1 Qa5+ 41. Kf1 Qxa2 42. Qf6 h5 43. Qxg6+ Kh8 44.
Qh7# 1-0

[Event "*** MasterClass Titled Tuesday Blitz"]
[Site "Chess.com"]
[Date "2017.07.04"]
[Round "6"]
[White "DanielRensch"]
[Black "Rodalquilar"]
[Result "1-0"]
[WhiteElo "2416"]
[BlackElo "2521"]
[TimeControl "180+2"]
[EndTime "14:23:02 PDT"]
[Termination "DanielRensch won by checkmate"]

1. e4 e5 2. Nf3 Nc6 3. d4 exd4 4. Nxd4 Bb4+ 5. c3 Bc5 6. Be3 Bb6 7.
Nf5 g6 8. Bxb6 axb6 9. Ne3 Nf6 10. f3 O-O 11. c4 d5 12. cxd5 Nxe4 13. fxe4 Qh4+ 14.
g3 Qxe4 15. Kf2 Qxh1 16. dxc6 bxc6 17. Nc3 Qxh2+ 18. Bg2 Ra5 19. Qd4 Qh6 20. Rh1 Qg7 21. Qxg7+ Kxg7 22. Bxc6 Be6 23. a3 Rd8 24. Rd1 Rxd1 25.
Nexd1 h5 26. Ne3 g5 27. Nc2 f5 28. Nd4 Kf6 29. Ndb5 f4 30. b4 fxg3+ 31. Kxg3 h4+ 32. Kf2 Rxb5 33. Nxb5 Ke5 34. Nxc7 Bc4 35. Bf3 b5 36. Be2 h3 37. Bg4 h2 38. Kg2 Kd4 39. Bd7 Kc3 40.
Bxb5 Bf7 41. Be2 Kb3 42. Nb5 Be8 43. Nd6 Bc6+ 44. Kxh2 Kxa3 45. b5 Bd5 46. Kg3 Kb4 47.
b6 Kc5 48. b7 Bxb7 49. Nxb7+ Kb6 50. Nd6 Kc5 51. Ne4+ Kd4 52. Nxg5 Ke3 53. Bf3 Kd4 54. Kf4 Kd3 55. Ne4 Kd4 56. Be2 Kd5 57. Ng5 Kd4 58.
Ne6+ Kc3 59. Ke3 Kc2 60. Nf4 Kc3 61. Nd5+ Kc2 62. Bc4 Kb2 63. Kd2 Kb1 64. Ne3 Kb2 65. Nc2 Kb1 66. Kc3 Kc1 67. Ba2 Kd1 68. Nd4 Kc1 69.
Ne2+ Kd1 70. Kd3 Ke1 71. Ke3 Kd1 72. Bb3+ Ke1 73. Bc2 Kf1 74. Nf4 Ke1 75. Ng2+ Kf1 76. Kf3 Kg1 77. Kg3 Kh1 78. Bd3 Kg1 79. Nf4 Kh1 80.
Be2 Kg1 81. Nh3+ Kh1 82. Bf3# 1-0

[Event "*** MasterClass Titled Tuesday Blitz"]
[Site "Chess.com"]
[Date "2017.07.04"]
[Round "6"]
[White "BilodeauA"]
[Black "MITerryble"]
[Result "1-0"]
[WhiteElo "2631"]
[BlackElo "2644"]
[TimeControl "180+2"]
[EndTime "14:23:04 PDT"]
[Termination "BilodeauA won by resignation"]

1. e4 e6 2. d4 d5 3. Nd2 Be7 4. Ngf3 Nf6 5. Bd3 c5 6. exd5 Qxd5 7. dxc5 Qxc5 8. O-O Nbd7 9. Qe2 Qc7 10. a4 O-O 11. a5 Nc5 12. Bc4 Rb8 13. Nb3 Nxb3 14.
Bxb3 Bd6 15. Bg5 Bd7 16. Rfd1 Bc6 17. h3 Bf4 18. Bxf6 gxf6 19. Nd4 Kh8 20. Nxc6 bxc6 21.
Ra4 Rbd8 22. Rxd8 Rxd8 23. Qf3 Be5 24. c3 Qd6 25. g3 Qd2 26. Rh4 Kg7 27. Qg4+ Qg5 28. f4 Qg6 29. fxe5 fxe5 30. Qxg6+ hxg6 31. Re4 Rd2 32. Rxe5 Rxb2 33. Ba4 Kf6 34. Rc5 Ra2 35. Bxc6 Ke7 36. Bf3 Kd6 37. Rc6+ Ke5 38. Ra6 Ra3 39. Rxa7 f5 40. Kf2 Rxc3 41. a6 Ra3 42. Be2 Kf6 43. Rc7 e5 44. a7 e4 45. Bc4 Ke5 46. Bb5 Kd6 47. Rc6+ Ke5 48. Ra6 Rf3+ 49. Kg2 1-0

[Event "*** MasterClass Titled Tuesday Blitz"]
[Site "Chess.com"]
[Date "2017.07.04"]
[Round "6"]
[White "AkshatChandra"]
[Black "ChessQueen"]
[Result "1-0"]
[WhiteElo "2666"]
[BlackElo "2526"]
[TimeControl "180+2"]
[EndTime "14:23:09 PDT"]
[Termination "AkshatChandra won by resignation"]

1. e4 e5 2. Nf3 Nf6 3. Nxe5 d6 4.
Nf3 Nxe4 5. d4 d5 6. Bd3 Bd6 7. O-O O-O 8. c4 c6 9. Qc2 Na6 10. a3 f5 11. Nc3 Nc7 12. c5 Be7 13. Bf4 Ne6 14. Be5 g5 15. Ne2 Bf6 16. Rad1 g4 17.
Bxf6 Rxf6 18. Ne5 Rh6 19. Bxe4 dxe4 20. Qd2 Qh4 21. h3 gxh3 22. g3 h2+ 23. Kh1 Qg5 24.
Qc3 Nc7 25. Nf4 Be6 26. Qb4 Nd5 27. Qxb7 Rf8 28. Nxe6 Rxe6 29. Nxc6 e3 30. Ne5 Rxe5 31.
dxe5 e2 32. Qxd5+ Kg7 33. Rfe1 exd1=Q 34. Rxd1 f4 35. e6 Qxd5+ 36. Rxd5 fxg3 37. fxg3 Rf2 38. e7 Kf7 39. Re5 Ke8 40. b4 Ra2 41. Re3 Rc2 42.
g4 Rc4 43. Kxh2 Rxg4 44. Re6 Rc4 45. Ra6 Kxe7 46. Rxa7+ Ke6 47. Rxh7 Rc3 48. Ra7 Kd5 49. Kg2 Kc6 50. Kf2 Kb5 51. Ke2 Rh3 52. Kd2 Rh2+ 53.
Kd3 Rh3+ 54. Kd4 Rh4+ 55. Ke5 Rh5+ 56. Kf6 Rh6+ 57. Kg5 Rh3 58. Rb7+ Kc6 59. Rb6+ Kc7 60. a4 1-0

[Event "*** MasterClass Titled Tuesday Blitz"]
[Site "Chess.com"]
[Date "2017.07.04"]
[Round "6"]
[White "abubakrtagelsir"]
[Black "michaelk123"]
[Result "1-0"]
[WhiteElo "2181"]
[BlackElo "2282"]
[TimeControl "180+2"]
[EndTime "14:23:09 PDT"]
[Termination "abubakrtagelsir won by resignation"]

1. e4 c5 2. Nc3 e6 3. f4 d5 4. Nf3 a6 5. g3 d4 6. Nb1 b5 7. d3 Bb7 8. Bg2 Nd7 9. O-O Qb6 10. a4 Ngf6 11. axb5 axb5 12. Rxa8+ Bxa8 13. Na3 Be7 14. h3 O-O 15. g4 c4 16. Nb1 Nxe4 17. dxe4 d3+ 18. Kh1 Bxe4 19. c3 Nc5 20. Be3 Qb7 21.
Nbd2 Na4 22. Nxe4 Qxe4 23. Qd2 Qb7 24. Nd4 Qd7 25. Bc6 Qd6 26. Bxb5 Qd5+ 27. Kg1 Nc5 28. Bc6 Qd6 29. Bg2 Bf6 30. Nb5 Qb6 31. Na3 Nb3 32.
Qxd3 cxd3 33. Bxb6 Rb8 34. Be3 Na5 35. Rf2 g6 36. Bf1 Nb3 37. Bxd3 Rd8 38. Bf1 Bh4 39. Rc2 Rd1 40. Kg2 Na1 41. Rd2 Re1 42. Bf2 Bxf2 43. Kxf2 Rc1 44. Be2 Nb3 45. Rd8+ Kg7 46. Rd1 h5 47.
Rxc1 Nxc1 48. b4 hxg4 49. hxg4 Nb3 50. Ke3 Kf6 51. Bd1 1-0

[Event "*** MasterClass Titled Tuesday Blitz"]
[Site "Chess.com"]
[Date "2017.07.04"]
[Round "6"]
[White "FairChess_on_YouTube"]
[Black "dalmatinac101"]
[Result "1-0"]
[WhiteElo "2714"]
[BlackElo "2629"]
[TimeControl "180+2"]
[EndTime "14:23:10 PDT"]
[Termination "FairChess_on_YouTube won by resignation"]

1. d4 Nf6 2. Bg5 d5 3. Nd2 c5 4. dxc5 Nc6 5. c3 e5 6. b4 h6 7. Bh4 d4 8. cxd4 Qxd4 9. Bxf6 Nxb4 10. Rc1 gxf6 11. Ngf3 Qd5 12. Qa4+ Nc6 13. e4 Qd7 14. Bb5 Rg8 15. O-O a6 16. Rfd1 Rb8 17. Bf1 Nd4 18.
Qxd7+ Bxd7 19. Nxd4 exd4 20. Nb3 Rc8 21. Rxd4 Be6 22.
Bc4 Rg5 23. Bd5 Rc7 24. f4 Rg4 25. g3 f5 26. Bxe6 fxe6 27. exf5 exf5 28. Rd5 Rg6 29. Rxf5 Re6 30. Kf2 Bg7 31. Re1 Ke7 32. Rd5 Rxe1 33. Kxe1 a5 34. a4 Ke6 35. Rd6+ Kf5 36. Ke2 Kg4 37.
Nxa5 Rxc5 38. Nxb7 Rc7 39. Na5 Kh3 40. Nc6 Kxh2 41. Rg6 Bc3 42. Kf3 h5 43. a5 Rb7 44. a6 Rb6 45. a7 Ra6 46. Rg8 1-0

[Event "*** MasterClass Titled Tuesday Blitz"]
[Site "Chess.com"]
[Date "2017.07.04"]
[Round "6"]
[White "AdrianaNikolova"]
[Black "IamSchrodingersCat"]
[Result "0-1"]
[WhiteElo "2306"]
[BlackElo "2426"]
[TimeControl "180+2"]
[EndTime "14:23:25 PDT"]
[Termination "IamSchrodingersCat won on time"]

1. e4 c5 2. Nf3 d6 3. d4 cxd4 4. Nxd4 Nf6 5. Nc3 g6 6. Be3 Bg7 7. Bc4 O-O 8. f3 Nc6 9. Qd2 Bd7 10. O-O-O Rb8 11. Bb3 a5 12. a4 Nxd4 13. Bxd4 b5 14. axb5 Bxb5 15. Nd5 Nxd5 16. Bxg7 Kxg7 17. Bxd5 Qc7 18.
h4 h5 19. g4 Rh8 20. gxh5 Rxh5 21. Rdg1 Qc5 22. Rg5 Rbh8 23. Rxh5 Rxh5 24. Qxa5 e6 25.
Bb3 Qe3+ 26. Qd2 Qxf3 27. Re1 Rxh4 28. Qxd6 Rxe4 29. Rxe4 Qxe4 30. Kb1 g5 31. Qc5 Qf5 32. Qd4+ e5 33. Qc5 Bd7 34. Qe7 g4 35. Qh4 Qf6 36. Qg3 Qf4 37. Qc3 g3 38. Ka2 g2 39.
Qc5 Qg5 40. Qg1 e4 41. Bc4 Bh3 42. Be2 e3 43. b4 Qg3 44. Bc4 Qf2 45. Qh2 g1=Q 46. Qe5+ Qf6 0-1

[Event "*** MasterClass Titled Tuesday Blitz"]
[Site "Chess.com"]
[Date "2017.07.04"]
[Round "6"]
[White "dhanushbharadwaj"]
[Black "ruvat"]
[Result "1-0"]
[WhiteElo "2349"]
[BlackElo "2267"]
[TimeControl "180+2"]
[EndTime "14:23:36 PDT"]
[Termination "dhanushbharadwaj won on time"]

1. Nf3 d6 2. d4 g6 3. c4 Bg7 4. Nc3 Bg4 5. h3 Bxf3 6. exf3 Nc6 7. Be3 e5 8. dxe5 dxe5 9. Be2 Nd4 10. O-O Ne7 11.
Re1 Nef5 12. Bd3 O-O 13. Bxf5 Nxf5 14. Bc5 Re8 15. Qxd8 Rexd8 16. Rad1 Nd4 17. b4 a5 18. a3 Nc2 19. Rxd8+ Rxd8 20. Rc1 Nxa3 21. bxa5 Bf8 22. Bxf8 Kxf8 23. c5 c6 24. Ra1 Nc2 25. Ra2 Nb4 26.
Rb2 Nd3 27. Rxb7 Nxc5 28. Rc7 Ra8 29. Rxc6 Rxa5 30. Nd5 Nd3 31. Nf6 Kg7 32. Ne4 Ra1+ 33. Kh2 Ra2 34. Kg3 f5 35. Rc7+ Kh6 36. Nf6 g5 37.
Ne8 Ra6 38. Rf7 Re6 39. Ng7 Kg6 40. Nxe6 Kxf7 41. Nxg5+ Kg6 42. h4 Nf4 43. Nh3 Ne2+ 44.
Kh2 h6 45. g3 Nd4 46. Kg2 Ne2 47. Ng1 Nd4 48. g4 Kf6 49. Kf1 Ne6 50. Ne2 Kg6 51. Kg2 Nc5 52. Ng3 fxg4 53. fxg4 e4 54. Kf1 Kf6 55.
Ke2 Ke5 56. Ke3 1-0

[Event "*** MasterClass Titled Tuesday Blitz"]
[Site "Chess.com"]
[Date "2017.07.04"]
[Round "6"]
[White "Vamostodorecto"]
[Black "Blitzking4444"]
[Result "1-0"]
[WhiteElo "2341"]
[BlackElo "2243"]
[TimeControl "180+2"]
[EndTime "14:23:36 PDT"]
[Termination "Vamostodorecto won by resignation"]

1. d4 Nf6 2. c4 g6 3. Nc3 d5 4. Bg5 Ne4 5. Nxe4 dxe4 6. Qd2 Bg7 7. e3 c5 8. d5 Qb6 9. O-O-O Nd7 10. Ne2 Ne5 11. Nc3 Bf5 12. d6 exd6 13. Nd5 Qc6 14.
Bf6 Bxf6 15. Nxf6+ Ke7 16. Nd5+ Kf8 17. f4 Nd3+ 18. Bxd3 exd3 19. Qc3 Rg8 20. Nf6 Rg7 21. g4 Be4 22. Rhf1 Rd8 23. f5 gxf5 24. gxf5 Rg2 25. Nxh7+ Ke8 26. Rd2 Rxd2 27. Kxd2 d5 28. cxd5 Rxd5 29. Nf6+ Kd8 30. Nxd5 Qxd5 31. Rf4 Kc7 32. b3 Bxf5 33. e4 Bxe4 34. Qc4 Qxc4 35. bxc4 Bg6 36. Rf6 Kd7 37. h4 Ke7 38. Rf3 Ke6 39.
Rg3 Ke5 40. h5 Bh7 41. Rg7 Bf5 42. Rxf7 Be6 43. Rxb7 Bxc4 44. h6 Bg8 45. Rg7 Kd4 46. Rxg8 c4 47. Rd8+ Ke4 48. h7 1-0

[Event "*** MasterClass Titled Tuesday Blitz"]
[Site "Chess.com"]
[Date "2017.07.04"]
[Round "6"]
[White "DrVelja"]
[Black "grzechu96"]
[Result "1-0"]
[WhiteElo "2564"]
[BlackElo "2405"]
[TimeControl "180+2"]
[EndTime "14:24:05 PDT"]
[Termination "DrVelja won by resignation"]

1. e4 c5 2. b3 e5 3. Bb2 Nc6 4. Bc4 Nf6 5. Nc3 d6 6. Nge2 g6 7. O-O Bg7 8. d3 O-O 9. f4 exf4 10.
Nxf4 Bg4 11. Qd2 Ne5 12. h3 Nxc4 13. bxc4 Be6 14. Rf2 Nd7 15. Raf1 Bd4 16. Kh1 Bxf2 17. Qxf2 Ne5 18. Ncd5 Bxd5 19. Nxd5 f6 20. Qh4 Kg7 21. Bc1 h5 22. Bd2 Rb8 23. a4 b6 24. Kg1 a6 25.
Qf4 g5 26. Qf2 b5 27. axb5 axb5 28. cxb5 Rxb5 29. Ne3 Qd7 30. Nf5+ Kg6 31. h4 d5 32. hxg5 dxe4 33. gxf6 Ng4 34. Qf4 e3 35. Bxe3 Nxe3 36. Qh6+ Kf7 37. Qxh5+ Ke6 38. Nxe3 Qd4 39. Qf5+ Kd6 40.
Qg5 Rbb8 41. c3 Qxc3 42. Qd5+ Kc7 43. Qe6 Qd4 44. f7 Rbd8 45. Rb1 Rd6 46. Qe7+ Rd7 47. Qxf8 Qxe3+ 48. Kh1 Qxd3 49. Qb8+ Kc6 50. Qb6+ Kd5 51. f8=Q Rh7+ 52. Kg1 Qe3+ 53. Qf2 Rh1+ 54. Kxh1 Qxf2 55.
Rd1+ Kc4 56. Qe6+ Kb4 57. Qe1+ Qxe1+ 58. Rxe1 c4 59. g4 c3 60. g5 c2 61. g6 Kc3 62. g7 c1=Q 63. Rxc1+ 1-0

[Event "*** MasterClass Titled Tuesday Blitz"]
[Site "Chess.com"]
[Date "2017.07.04"]
[Round "6"]
[White "Lord_Neezy"]
[Black "GM_dmitrij"]
[Result "1-0"]
[WhiteElo "2187"]
[BlackElo "2482"]
[TimeControl "180+2"]
[EndTime "14:24:11 PDT"]
[Termination "Lord_Neezy won by resignation"]

1. d4 Nf6 2. Bf4 d5 3. e3 c5 4.
c3 Nc6 5. Nd2 cxd4 6. exd4 Qb6 7. Qb3 e6 8. Bd3 Be7 9. Ngf3 Nh5 10. Qxb6 axb6 11. Bc7 Bd8 12. Bxd8 Kxd8 13. g3 Bd7 14.
O-O Nf6 15. Ng5 Ke7 16. f4 h6 17. Ngf3 Rag8 18. Rae1 Kd6 19. Ne5 Be8 20. f5 exf5 21. Bxf5 Rf8 22. Rf2 Ne7 23. Bh3 Nh7 24. Rfe2 Ng5 25.
Bg2 Nc6 26. Nef3 Ne6 27. Nh4 g6 28. Nxg6 fxg6 29. Rxe6+ Kc7 30. Bxd5 Bf7 31. Re7+ Nxe7 32. Rxe7+ Kd6 33. Rxf7 Kxd5 34. Rxb7 Rf6 35. Rd7+ Kc6 36. Re7 Rhf8 37. Re2 b5 38. b3 g5 39. c4 bxc4 40.
bxc4 Ra8 41. Nb3 Ra4 42. d5+ Kd6 43. Rc2 Rf8 44. Nd4 Rfa8 45. Nf5+ Kc5 46. Nxh6 Rxc4 47. Rxc4+ Kxc4 48. Nf7 g4 49. d6 Ra7 50. d7 Rxd7 51.
Ne5+ Kd5 52. Nxd7 Ke6 53. Nc5+ Kd5 54. Nd3 Ke4 55. Nf2+ Kf3 56. a4 Ke3 57. a5 Kf3 58. a6 1-0

[Event "*** MasterClass Titled Tuesday Blitz"]
[Site "Chess.com"]
[Date "2017.07.04"]
[Round "6"]
[White "JeffReinberg"]
[Black "Hrant_ChessMood"]
[Result "1/2-1/2"]
[WhiteElo "2508"]
[BlackElo "2739"]
[TimeControl "180+2"]
[EndTime "14:24:31 PDT"]
[Termination "Game drawn - insufficient material"]

1. e4 c6 2. Nc3 d5 3. d3 e5 4. g3 Nf6 5. Bg2 Bb4 6. Bd2 O-O 7.
Nge2 d4 8. Nb1 Bxd2+ 9. Nxd2 c5 10. h3 Nc6 11. O-O Ne8 12. f4 Nd6 13. Kh2 Bd7 14.
g4 exf4 15. Nxf4 Ne5 16. Nf3 Qe7 17. Nd5 Nxf3+ 18. Qxf3 Qe5+ 19. Qg3 Qxg3+ 20. Kxg3 f6 21. Rae1 Nf7 22. Rxf6 gxf6 23. Nxf6+ Kg7 24. Nxd7 Rfe8 25. Nxc5 Rac8 26. b4 b6 27. Nb3 Rxc2 28. Nxd4 Rc3 29.
Bf1 Ne5 30. Rd1 Ra3 31. Rd2 Kg8 32. h4 Nc4 33. Rf2 Rxe4 34. Nf3 Nd6 35. dxe4 Nxe4+ 36. Kg2 Nxf2 37. Kxf2 Rxa2+ 38. Ke3 Ra3+ 39. Kf4 Ra4 40. Nd4 Rxb4 41. Ke4 a5 42. Kd3 Rb1 43. Be2 Kg7 44. Kc2 Rh1 45. Kc3 Kf6 46. Nf3 Rc1+ 47. Kb2 Rh1 48. Kc3 Ke6 49. Kd4 Rc1 50. Bb5 Kd6 51.
g5 Rb1 52. Bd3 Rb4+ 53. Ke3 a4 54. Bxh7 a3 55. Bg8 Rb2 56. h5 Ke7 57. h6 Kf8 58. Bd5 a2 59. Bxa2 Rxa2 60. g6 Rg2 61. Nh4 Rg1 62. Nf5 Kg8 63. Ne7+ Kh8 64. Kd4 Rg5 65. g7+ Kh7 66. g8=Q+ Rxg8 67. Nxg8 Kxg8 68. Kc4 Kh7 69. Kb5 Kxh6 70. Kxb6 1/2-1/2

[Event "*** MasterClass Titled Tuesday Blitz"]
[Site "Chess.com"]
[Date "2017.07.04"]
[Round "6"]
[White "cstefan"]
[Black "SergeiAza"]
[Result "0-1"]
[WhiteElo "2335"]
[BlackElo "2715"]
[TimeControl "180+2"]
[EndTime "14:24:34 PDT"]
[Termination "SergeiAza won on time"]

1. Nf3 Nf6 2. g3 b6 3. Bg2 Bb7 4. d3 c5 5. O-O g6 6. e4 d6 7.
a4 Bg7 8. Nbd2 O-O 9. Nc4 Nc6 10. Re1 Nd7 11. Bg5 h6 12. Bd2 a6 13. Qc1 Kh7 14. Bc3 Nd4 15. Nxd4 cxd4 16. Bd2 Qc7 17. Qd1 Ne5 18.
b3 Rac8 19. f4 Nd7 20. Bh3 e6 21. Bb4 Nc5 22. a5 b5 23. Nb6 Rcd8 24. Bg2 Bc6 25.
Qd2 Qb7 26. Rf1 Rde8 27. e5 Bxg2 28. Qxg2 Qxg2+ 29. Kxg2 Nb7 30. exd6 Rd8 31. d7 Rg8 32. Rfe1 Bf6 33. Re2 Bg7 34. Ree1 Bf6 35. Re2 Bg7 36.
Rae1 Bf8 37. Bxf8 Rgxf8 38. Re5 Nxa5 39. Rc5 Nb7 40. Rc7 Rb8 41. Rxe6 Nd8 42. Re8 Kg7 43.
Rxf8 Kxf8 44. Nc8 a5 45. Ra7 Rb7 46. Kf3 a4 47. bxa4 Rxa7 48. Nxa7 bxa4 49. Nb5 Ke7 50. Ke4 Ne6 51. Kd5 Kxd7 52. Na3 h5 53. Nc4 Ke7 54. Na3 Kf6 55. Nc4 Kf5 56. h3 h4 57.
Nd6+ Kf6 58. g4 a3 59. Ne4+ Ke7 60. f5 a2 61. f6+ Kf8 0-1

[Event "*** MasterClass Titled Tuesday Blitz"]
[Site "Chess.com"]
[Date "2017.07.04"]
[Round "6"]
[White "stuffings101"]
[Black "Aragon"]
[Result "1-0"]
[WhiteElo "2195"]
[BlackElo "2290"]
[TimeControl "180+2"]
[EndTime "14:24:38 PDT"]
[Termination "stuffings101 won by checkmate"]

1. Nf3 g6 2. g3 Bg7 3. Bg2 c6 4. O-O d5 5. d3 Nf6 6. Nbd2 O-O 7. e4 dxe4 8. dxe4 Bg4 9. h3 Bc8 10. e5 Nd5 11. a3 Qc7 12. Qe2 Rd8 13. Re1 Na6 14.
c4 Nb6 15. Ne4 Be6 16. b3 Nd7 17. Neg5 Nac5 18. Nxe6 Nxe6 19. Bb2 Ndc5 20. b4 Nd3 21. Red1 Nxb2 22. Qxb2 Rd7 23. Rxd7 Qxd7 24. h4 Rd8 25. Bh3 f5 26. exf6 Bxf6 27. Qe2 Kf7 28. Re1 Nd4 29. Nxd4 Qxh3 30. Ne6 Rd6 31. Nf4 Qf5 32. c5 Rd4 33. Ne6 Rd5 34. Kg2 Re5 35. Ng5+ Kg7 36. Ne4 Qe6 37. Qd3 Rd5 38. Qf3 Qf5 39. Qxf5 gxf5 40. Nxf6 Kxf6 41. Re3 e5 42. f3 Rd2+ 43. Kh3 h5 44.
Rb3 a6 45. a4 Ke6 46. b5 axb5 47. axb5 Rc2 48. bxc6 bxc6 49. Rb8 Rc3 50. Rh8 Rxf3 51.
Rxh5 e4 52. Kg2 Rc3 53. Rh6+ Kd5 54. Rf6 Rc2+ 55. Kh3 Kxc5 56. Rxf5+ Kd4 57. h5 e3 58. h6 e2 59. h7 Ke4 60. h8=Q Kxf5 61. Qh7+ Ke6 62. Qxc2 e1=Q 63. Qxc6+ Kf5 64. Qd7+ Kg5 65. Qg7+ Kh5 66. g4# 1-0

[Event "*** MasterClass Titled Tuesday Blitz"]
[Site "Chess.com"]
[Date "2017.07.04"]
[Round "6"]
[White "kharov2001"]
[Black "politeplayer"]
[Result "1/2-1/2"]
[WhiteElo "2045"]
[BlackElo "2178"]
[TimeControl "180+2"]
[EndTime "14:24:41 PDT"]
[Termination "Game drawn - insufficient material"]

1. e4 c5 2. Nf3 Nc6 3. d4 cxd4 4.
Nxd4 g6 5. c4 Bg7 6. Be3 Nf6 7.
Nc3 O-O 8. Be2 d6 9. O-O Bd7 10. Nc2 a6 11. f3 Rc8 12. Rc1 Re8 13. Qd2 Ne5 14. Na3 Be6 15. b3 Rc6 16. Nc2 Qa8 17.
Nd4 Rcc8 18. Nxe6 fxe6 19. Rfd1 Nfd7 20. f4 Nc6 21. Bg4 Nf8 22. Ne2 b5 23. c5 Rcd8 24.
Qe1 Nb8 25. Ng3 Nbd7 26. c6 Nf6 27. Bh3 Rc8 28. c7 Nxe4 29. Bd4 Bxd4+ 30. Rxd4 Nxg3 31. Bxe6+ Nxe6 32. Qxe6+ Kg7 33. hxg3 Qa7 34. Qe3 Rxc7 35.
Rxc7 Qxc7 36. Re4 e5 37. fxe5 Rxe5 38. Qd4 Qc5 39. Rf4 Qxd4+ 40. Rxd4 d5 41. Kf2 Kf6 42.
a4 Rf5+ 43. Ke3 Re5+ 44. Kd3 Rg5 45. g4 h5 46. gxh5 gxh5 47. axb5 axb5 48. Kc3 Rxg2 49.
Rxd5 Rg3+ 50. Kb4 Rg4+ 51. Ka5 Kg6 52. Rxb5 Rg5 53. b4 h4 54. Rxg5+ Kxg5 55. b5 h3 56. b6 h2 57. b7 h1=Q 58. b8=Q Qa1+ 59. Kb6 Qb2+ 60. Kc7 Qxb8+ 61. Kxb8 1/2-1/2

[Event "*** MasterClass Titled Tuesday Blitz"]
[Site "Chess.com"]
[Date "2017.07.04"]
[Round "6"]
[White "popov_m"]
[Black "1e41-0"]
[Result "1-0"]
[WhiteElo "2411"]
[BlackElo "2300"]
[TimeControl "180+2"]
[EndTime "14:25:26 PDT"]
[Termination "popov_m won by resignation"]

1. d4 d5 2. Bf4 Nf6 3. e3 e6 4. Nd2 c5 5. c3 Qb6 6. Qb3 c4 7. Qc2 Nc6 8. h3 a5 9. a4 Be7 10. Ngf3 O-O 11. Rb1 Bd7 12. e4 Rac8 13. e5 Ne8 14.
Ng5 f5 15. h4 Nc7 16. Be2 Be8 17. h5 h6 18. Ngf3 Nd8 19. Nf1 Qc6 20. Ra1 Nf7 21.
Ne3 Ng5 22. Bxg5 hxg5 23. g4 f4 24. Nf1 b5 25. N1d2 bxa4 26. Kf1 Rb8 27. Ra2 Bf7 28. Kg2 Rb3 29. Raa1 Rb6 30. Rxa4 Rfb8 31. Ra2 Qb7 32. Rb1 Kh8 33. Qa4 Be8 34. Qd1 Bf7 35. Qh1 Bg8 36.
h6 Bh7 37. hxg7+ Kxg7 38. Rba1 Bg6 39. Rxa5 Rh8 40. Qg1 Rxb2 41. Ra7 Qb8 42. Qc1 Bd8 43. Nxg5 Bxg5 44. Rxc7+ Qxc7 45. Qxb2 f3+ 46. Nxf3 Be4 47. Ra6 Rb8 48. Qa1 Rb1 49. Qa4 Rb7 50. Rxe6 Qf7 51.
Qc6 Rc7 52. Qd6 Rd7 53. Qb6 Rb7 54. Qa6 Ra7 55. Qc8 Rc7 56. Qe8 Qxe8 57. Rxe8 Be7 58. Kg3 Kf7 59. Rb8 Ra7 60. Nh4 Ra3 61. Nf5 Rxc3+ 62.
Kf4 Bxf5 63. gxf5 Rc2 64. Bh5+ Kg7 65. f3 Rh2 66. f6+ Bxf6 67. exf6+ Kxf6 68. Bg4 c3 69. Rc8 c2 70. Rc6+ Ke7 71. Bf5 Rd2 72. Ke3 c1=Q 73. Rxc1 Rb2 74. Rc2 Rb3+ 75. Kf4 Rb4 76. Ke5 Rb3 77.
f4 Rf3 78. Rc7+ Kd8 79. Rh7 Ke8 80. Be6 Kf8 81. f5 Ke8 82. f6 Kd8 83. Kd6 Rh3 84. Rxh3 1-0

[Event "*** MasterClass Titled Tuesday Blitz"]
[Site "Chess.com"]
[Date "2017.07.04"]
[Round "6"]
[White "Grootneus"]
[Black "Me_ch_an"]
[Result "1/2-1/2"]
[WhiteElo "2073"]
[BlackElo "2246"]
[TimeControl "180+2"]
[EndTime "14:25:46 PDT"]
[Termination "Game drawn by repetition"]

1. e4 c5 2. b3 Nc6 3. Bb2 e5 4. Bb5 d6 5. Ne2 Bd7 6. O-O g6 7. c3 Bg7 8. d4 Nge7 9. dxc5 dxc5 10. c4 O-O 11. Bxc6 Bxc6 12. f3 f5 13. exf5 Nxf5 14.
Qxd8 Raxd8 15. Nbc3 Rd2 16. Bc1 Rd3 17. Ne4 Bxe4 18.
fxe4 Nd4 19. Nxd4 exd4 20. Rxf8+ Kxf8 21. Bf4 Ke7 22. Kf1 Ke6 23. Ke2 Rc3 24. Bd2 Rc2 25. Kd3 Rb2 26. g3 a6 27. h3 b5 28. Bf4 bxc4+ 29.
bxc4 h6 30. Bd2 h5 31. a4 Rb3+ 32. Ke2 Rxg3 33. Rb1 Rg2+ 34. Kd3 Rg3+ 35. Ke2 d3+ 36. Kf2 h4 37. Rb6+ Kd7 38. Rb7+ Ke6 39. Rxg7 Rxh3 40.
Rxg6+ Ke5 41. Rg5+ Kxe4 42. Rg4+ Ke5 43. Be3 Rh2+ 44.
Kf1 d2 45. Bxd2 Rxd2 46. Rxh4 Rd4 47. Rh5+ Kd6 48. Rh6+ Kc7 49. Rxa6 Rxc4 50. Ke2 Kb7 51. Ra5 Kb6 52. Ra8 Kb7 53. Ra5 Kb6 54. Ra8 Rh4 55.
Kd3 Kb7 56. Ra5 Kb6 57. Rb5+ Kc6 58. Ra5 Kb6 59. Ra8 Rh3+ 60. Kc4 Rh4+ 61. Kc3 Kb7 62.
Ra5 Kb6 63. Rb5+ Kc6 64. Ra5 Kb6 65. Ra8 Kb7 66. Ra5 Kb6 67. Ra8 Kb7 68. Ra5 Kb6 69. Rb5+ Kc6 70. Ra5 Kd5 71. Ra8 Rh3+ 72. Kc2 Kc4 73.
a5 Rh2+ 74. Kd1 Ra2 75. a6 Kc3 76. a7 c4 77. Ke1 Ra1+ 78. Ke2 Ra2+ 79. Kd1 Ra1+ 80.
Ke2 Ra2+ 81. Kd1 Ra1+ 82. Ke2 Ra6 83. Kd1 Ra1+ 1/2-1/2

[Event "*** MasterClass Titled Tuesday Blitz"]
[Site "Chess.com"]
[Date "2017.07.04"]
[Round "6"]
[White "Rokis13"]
[Black "aNaartjieZA"]
[Result "1/2-1/2"]
[WhiteElo "2333"]
[BlackElo "2313"]
[TimeControl "180+2"]
[EndTime "14:26:05 PDT"]
[Termination "Game drawn by stalemate"]

1. e4 e6 2. d3 d5 3. Nd2 Nf6 4. Ngf3 Nc6 5. g3 dxe4 6. dxe4 e5 7. Bg2 Bc5 8. O-O O-O 9. c3 a5 10. Re1 Ng4 11. Re2 b6 12. h3 Nf6 13. Re1 Qe7 14. Nb3 Rd8 15. Qc2 Bd6 16. Bg5 h6 17. Bxf6 Qxf6 18. Rad1 Ba6 19. a3 Qe6 20. Nbd2 Bc5 21. Nb3 Bd6 22. Nbd2 Rd7 23. Nf1 Bc4 24. N3d2 Ba6 25.
Ne3 Rad8 26. Ndf1 Bc5 27. Nd5 Ne7 28. Nfe3 c6 29. b4 cxd5 30. exd5 Qd6 31. bxc5 Qxc5 32. Qb3 Rc8 33. Rb1 Rd6 34. Rec1 Bd3 35. Rb2 e4 36. c4 f5 37. Bf1 Bxf1 38. Rxf1 g5 39. f4 exf3 40.
Rxf3 Rf8 41. Kg2 Rdf6 42. Rbf2 h5 43. Qd3 f4 44. gxf4 gxf4 45. Rf1 Ng6 46. Kh2 Ne5 47. Rg1+ Kh8 48. Qe4 Nxf3+ 49. Qxf3 Qd6 50. Ng2 Qe5 51. Re1 Qg5 52. Re4 Rg8 53. Qf2 Qg3+ 54. Qxg3 fxg3+ 55. Kg1 Rf2 56. Rh4 Rg5 57. Nf4 Rc2 58.
Nxh5 Rc1+ 59. Kg2 Rc2+ 60. Kg1 g2 61. Ng3+ Kg8 62. Rg4 Rxg4 63. hxg4 Rxc4 64. Kxg2 Rxg4 65. Kf3 Rd4 66. Nf5 Rd1 67. Ke4 Kf7 68. Nd6+ Ke7 69. Nc4 Rb1 70. Ke5 Re1+ 71. Kd4 Rd1+ 72. Ke5 Rb1 73. d6+ Kd7 74. Kd5 Rb5+ 75. Kd4 Rb1 76. Kd5 a4 77. Ne5+ Kc8 78. Ke6 Re1 79. Kd5 Rxe5+ 80.
Kxe5 b5 81. Kd4 Kd7 82. Kc5 Kd8 83. Kxb5 Kd7 84. Kc5 Kd8 85. Kc6 Kc8 86. Kb5 Kd7 87.
Kc5 Kd8 88. Kd5 Kd7 89. Ke5 Kd8 90. Ke6 Ke8 91. d7+ Kd8 92. Kd6 1/2-1/2